 Dungeon Crawl Stone Soup version 0.28-a0-823-gb444dcf96d (webtiles) character file.

Game seed: 3789898882649899435

15 cheechan the Skirmisher (level 2, -1/21 HPs)
             Began as an Octopode Fighter on Nov 9, 2021.
             Slain by a quokka (4 damage)
             ... on level 1 of the Dungeon.
             The game lasted 00:01:14 (411 turns).

cheechan the Skirmisher (Octopode Fighter)           Turns: 411, Time: 00:01:14

Health: -1/21      AC:  1    Str: 15    XL:     2   Next: 50%
Magic:  2/2        EV: 13    Int: 10    God:
Gold:   19         SH:  4    Dex: 11    Spells: 1/1 levels left

rFire   . . .      SeeInvis .   a - +0 war axe
rCold   . . .      Faith    .   b - +0 buckler
rNeg    . . .      Spirit   .   (helmet restricted)
rPois   .          Reflect  .   (no amulet)
rElec   .          Harm     .   (no ring)
rCorr   .          Rampage  .   (no ring)
Will    .....                   (no ring)
Stlth   ++........              (no ring)
HPRegen 0.07/turn               (no ring)
MPRegen 0.08/turn               (no ring)
                                (no ring)
                                (no ring)

@: no status effects
A: almost no armour, amphibious, 8 rings, camouflage 1, gelatinous body 1,
(nimble swimmer 1), tentacles
a: no special abilities


You were on level 1 of the Dungeon.
You visited 1 branch of the dungeon, and saw 1 of its levels.

You collected 19 gold pieces.

Inventory:

Hand Weapons
 a - a +0 war axe (weapon)
Missiles
 d - 9 poisoned darts (quivered)
Armour
 b - a +0 buckler (worn)
Scrolls
 e - a scroll of blinking {unknown}
Potions
 c - a potion of might


   Skills:
 + Level 3.4 Fighting
 + Level 2.2 Axes
 + Level 3.1 Dodging
 + Level 3.0 Shields


You had one spell level left.
You didn't know any spells.
Your spell library was empty.

Dungeon Overview and Level Annotations

Branches:
Dungeon (1/15)

Altars:


Innate Abilities, Weirdness & Mutations

You cannot wear most types of armour.
You are amphibious.
You can wear up to eight rings at the same time.
Your skin changes colour to match your surroundings (Stealth+).
Your rubbery body absorbs attacks. (AC +1, EV +1)
((You are camouflaged near water. (Stealth+)))
You have tentacles for arms and can constrict up to eight enemies at once.


Message History

The goblin shouts!
You slash the dart slug!
You kill the dart slug!
You closely miss the goblin. You grab the goblin. You closely miss the goblin.
You constrict the goblin.
The goblin hits you with a +0 dagger. x2
The goblin barely misses you. x2
You hit the goblin.
You kill the goblin!
You barely miss the goblin. The goblin hits you with a +0 dagger.
You barely miss the rat. Your grab misses the rat. You closely miss the goblin.
You block the rat's attack. The goblin hits you but does no damage.
The rat closely misses you. You block the goblin's attack.
You barely miss the rat. You grab the rat. You hit the goblin but do no damage.
You constrict the rat.
You kill the rat!
A quokka comes into view.
The goblin barely misses you. The goblin misses you.
You see here a +0 dagger.
You completely miss the goblin. You grab the goblin.
Your squeeze misses the goblin. You constrict the goblin.
The goblin hits you with a +0 dagger.
You slash the goblin!
You kill the goblin!
You barely miss the quokka. Your grab misses the quokka. The quokka bites you.
The quokka closely misses you.
You barely miss the quokka. Your grab misses the quokka.
The quokka closely misses you.
You barely miss the quokka. Your grab misses the quokka.
The quokka closely misses you. The quokka bites you.
* * * LOW HITPOINT WARNING * * *
Throw: 10 darts (poison)
Press: ? - help, Q - select action Shift-Dir - straight line, f - quokka
Aim: a quokka (43% to hit)
You throw a poisoned dart.
The poisoned dart completely misses the quokka.
The quokka closely misses you.
Unknown command.
You miss the quokka. Your grab misses the quokka. The quokka bites you.
You die...

#.......# #...#####
#.######### #...#
#.##### #...# ......#
#...##### #.....
#........
#.....#####...#####
###.>................
.......#)............
#.)@r.....(....
#.######..$##### #.#
#....... #.# #r..####
#. #...# . #...# #
#...# ...#


You could see a quokka.

Vanquished Creatures
  A dart slug (D:1)
  A bat (D:1)
  An endoplasm (D:1)
  A giant cockroach (D:1)
  2 goblins (D:1)
  2 hobgoblins (D:1)
  A ball python (D:1)
  3 rats (D:1)
12 creatures vanquished.

Notes
Turn   | Place    | Note
-------+----------+-------------------------------------------
     0 | D:1      | cheechan the Octopode Fighter began the quest for the Orb.
     0 | D:1      | Reached XP level 1. HP: 16/16 MP: 1/1
    62 | D:1      | Reached XP level 2. HP: 1/21 MP: 2/2
   261 | D:1      | Found a faded altar of an unknown god.
   411 | D:1      | Slain by a quokka

Illustrated notes

Levels and vault maps discovered:
D:1:      wheals_arrival_linesprint, layout_loops_cross,
          shapermc_ecumenical_altar_mp_highgroup, hex_tiny

Action                   || total
-------------------------++-------
Melee: War axe           ||    23
       Constrict         ||     6
       Tentacles         ||     1
Throw: Dart              ||     1
Armor: Skin              ||     2
Dodge: Dodged            ||    27
Block: Buckler           ||     6

Table legend: (Time is in decaauts)
 A = Elapsed time spent in this place.
 B = Non-inter-level travel time spent in this place.
 C = Inter-level travel time spent in this place.
 D = Time resting spent in this place.
 E = Time spent auto-exploring this place.
 F = Levels seen in this place.
 G = Mean time per level.
                   A        B        C        D        E       F      G
               +--------+--------+--------+--------+--------+-----+--------+
         Total |    420 |    420 |      0 |      0 |      0 |   1 |  420.0 |
       Dungeon |    420 |    420 |      0 |      0 |      0 |   1 |  420.0 |
               +--------+--------+--------+--------+--------+-----+--------+

Top non-repeatable levels by time:
     D:1: 420 daAuts
